 Dungeon Crawl Stone Soup version 0.20.1-1-g8b1a95d (webtiles) character file.

202 Zachthehappycat the Gusty (level 5, -1/42 HPs)
             Began as a Tengu Air Elementalist on July 6, 2017.
             Was a Follower of Vehumet.
             Slain by a hound (2 damage)
             ... on level 4 of the Dungeon.
             The game lasted 00:12:42 (4307 turns).

Zachthehappycat the Gusty (Tengu Air Elementalist)  Turns: 4307, Time: 00:12:43

Health: -1/42      AC: 22    Str:  8    XL:     5   Next: 80%
Magic:  0/10       EV:  2    Int: 15    God:    Vehumet [*.....]
Gold:   262        SH:  0    Dex: 16    Spells: 5/10 levels left

rFire    + . .     SeeInvis .   w - +2 spear (pierce)
rCold    + . .     Gourm    .   (no shield)
rNeg     + + +     Faith    .   (armour currently unavailable)
rPois    +         Spirit   +   (helmet currently unavailable)
rElec    +         Reflect  .   (cloak currently unavailable)
rCorr    +         Harm     .   (gloves currently unavailable)
MR       .....     NoTele   +   (boots unavailable)
Stlth    ++........             t - amulet of guardian spirit
Regen    0.2/turn               (no ring)
MPRegen  0.2/turn               (no ring)

@: lethally poisoned (-1 -> -8), tree-form, resistant
A: blurry vision 1, MP-powered wands, able to fly 1
a: Fly, Renounce Religion


You were on level 4 of the Dungeon.
You worshipped Vehumet.
Vehumet was aware of your devotion.
You were not hungry.
You were a tree.
You visited 1 branch of the dungeon, and saw 4 of its levels.

You collected 262 gold pieces.

Inventory:

Hand Weapons
 w - a +2 spear of piercing (weapon)
 A - a +3 mace
Missiles
 d - 201 stones (quivered)
 s - 2 tomahawks
Armour
 u - a +0 robe of magic resistance (melded)
 z - a +0 pair of gloves (melded)
Jewellery
 t - an amulet of guardian spirit (around neck)
Scrolls
 e - 2 scrolls of immolation
 f - 2 scrolls of remove curse
 k - a scroll of enchant armour {unknown}
 n - a scroll of amnesia {unknown}
 o - 2 scrolls of magic mapping
 p - 2 scrolls of teleportation {unknown}
 x - a scroll of recharging {unknown}
 y - a scroll of identify
Potions
 g - a potion of agility
 h - a potion of mutation
 i - a potion of lignification
 l - a potion of brilliance
 q - a potion of haste
 v - a potion of might
Books
 b - a book of Air

   Spells                             Type                      Level
   a - Shock                          Conjuration/Air              1
   b - Swiftness                      Charms/Air                   2
   c - Static Discharge               Conjuration/Air              3
   d - Airstrike                      Air                          4
   e - Lightning Bolt                 Conjuration/Air              5
Comestibles
 a - a meat ration
 c - 3 bread rations
 m - 2 royal jellies


   Skills:
 + Level 3.2 Dodging
 + Level 3.3 Stealth
 + Level 3.0 Spellcasting
 + Level 3.6 Conjurations
 + Level 4.8 Air Magic


You had 5 spell levels left.
You knew the following spells:

 Your Spells              Type           Power        Failure   Level  Hunger
a - Shock                 Conj/Air       ###.         3%          1    #......
b - Static Discharge      Conj/Air       ###.....     11%         3    ###....
c - Magic Dart            Conj           ##..         4%          1    #......


Dungeon Overview and Level Annotations

Branches:
Dungeon (4/15)
 Temple: D:4-7

Altars:
Ashenzari
Elyvilon
Okawaru
Uskayaw
Vehumet


Innate Abilities, Weirdness & Mutations

((You have a beak for a mouth.))
((You have claws for feet.))
You can fly.
Scrolls take you a little longer to read.
((Your flesh is heat resistant. (rF+)))
You expend magic power (3 MP) to strengthen your wands.


Message History

* * * LOW HITPOINT WARNING * * *
You feel sick.
The hound stops to sniff the ground.
The hound barely misses you. The hound bites you.
* * * LOW HITPOINT WARNING * * *
Okay, then.
There is a lethal amount of poison in your body!
It was a potion of lignification.
You turn into a tree.
Your +0 pair of gloves melds into your body.
Your +0 robe of magic resistance melds into your body.
You feel less resistant to hostile enchantments.
Your roots penetrate the ground.
* * * LOW HITPOINT WARNING * * *
You feel sick. The hound bites you.
* * * LOW HITPOINT WARNING * * *
It was a potion of resistance.
You feel protected.
* * * LOW HITPOINT WARNING * * *
You feel sick. The hound bites you but does no damage. The hound bites you.
You die...

.............<........
###..##.#.............
..............##......
.##.......#...##.###..
#.......##..##.# #..
.######.......##.# #..
.......a..##.....# #..
#..###†##.#.##.#########
#......♣h...##.####.....
#..###.####.##.##....†.#
#. #.[...##.....##
#......##.#......##
#...#.###......####
#...#. #.####### # #..
#. #.###...### #. #.
#.##.....## +. ..
#.#.......#


You could see a hound.

Vanquished Creatures
  A crimson imp (D:4)
  2 bullfrog skeletons (D:4)
  A worker ant (D:4)
  A hound skeleton (D:4)
  An adder (D:2)
  2 worms
  3 dart slugs
  3 leopard geckos
  2 orcs (D:3)
  6 bats
  2 giant cockroaches
  2 goblins
  6 hobgoblins
  4 jackals (D:4)
  A quokka (D:2)
  3 ball pythons
  A frilled lizard (D:4)
  10 kobolds
  5 rats
56 creatures vanquished.

Notes
Turn   | Place    | Note
-------+----------+-------------------------------------------
     0 | D:1      | Zachthehappycat the Tengu Air Elementalist began the quest for the Orb.
     0 | D:1      | Reached XP level 1. HP: 10/10 MP: 4/4
   463 | D:1      | Reached XP level 2. HP: 14/15 MP: 6/6
   862 | D:2      | Found a radiant altar of Vehumet.
   870 | D:2      | Became a worshipper of Vehumet
  1054 | D:2      | Reached XP level 3. HP: 10/19 MP: 7/7
  2626 | D:3      | Found a hide-covered altar of Uskayaw.
  2626 | D:3      | Found a white marble altar of Elyvilon.
  2626 | D:3      | Found a shattered altar of Ashenzari.
  2856 | D:3      | Found an iron altar of Okawaru.
  2863 | D:3      | Reached XP level 4. HP: 24/24 MP: 8/8
  4080 | D:4      | Reached * piety under Vehumet
  4080 | D:4      | Offered knowledge of Magic Dart by Vehumet.
  4080 | D:4      | Gained mutation: You can fly. [Tengu growth]
  4080 | D:4      | Reached XP level 5. HP: 18/28 MP: 5/10
  4085 | D:4      | Gained mutation: You expend magic power (3 MP) to strengthen your wands. [potion of mutation]
  4085 | D:4      | Gained mutation: Scrolls take you a little longer to read. [potion of mutation]
  4085 | D:4      | Gained mutation: Your flesh is heat resistant. (rF+) [potion of mutation]
  4240 | D:4      | Learned a level 3 spell: Static Discharge
  4242 | D:4      | Learned a level 1 spell: Magic Dart
  4306 | D:4      | HP: 2/42 [hound (1)]
  4307 | D:4      | Slain by a hound

Skill      XL: |  1  2  3  4  5 |
---------------+----------------+-----
Conjurations   | 2 3 |  3.6
Stealth        | 3 |  3.3
Dodging        | 3 |  3.2
Spellcasting   | 3 |  3.0
Air Magic      | |  4.8

Action                   |  1- 3 |  4- 6 || total
-------------------------+-------+-------++-------
Melee: Unarmed           |    11 |       ||    11
       Dagger            |   126 |       ||   126
       Peck              |    33 |    11 ||    44
       Kick              |    34 |    18 ||    52
       Spear             |     3 |    54 ||    57
       Mace              |       |     7 ||     7
 Cast: Shock             |     6 |     5 ||    11
  Use: Scroll            |     3 |     4 ||     7
       Potion            |       |     5 ||     5
 Stab: Sleeping          |     6 |     1 ||     7
  Eat: Chunk             |     2 |     2 ||     4
       Bread ration      |     1 |     1 ||     2
Armor: Robe              |    14 |     8 ||    22
       Skin              |       |     1 ||     1
Dodge: Dodged            |    75 |    52 ||   127
